 Dungeon Crawl Stone Soup version 0.25-a0-58-g9dd530fc12 (webtiles) character file.

Game seed: 6491506477650857917, levelgen mode: deterministic

38 Ruokin the Magician (level 3, 0/19 HPs)
             Began as a Deep Elf Air Elementalist on Oct 27, 2019.
             Killed themself with a bounced zap (2 damage)
             ... on level 2 of the Dungeon.
             The game lasted 00:09:02 (1478 turns).

Ruokin the Magician (Deep Elf Air Elementalist)     Turns: 1478, Time: 00:09:02

Health: 0/19       AC:  3    Str:  5    XL:     3   Next: 25%
Magic:  6/10       EV: 13    Int: 20    God:
Gold:   65         SH:  0    Dex: 15    Spells: 6/10 levels left

rFire    . . .     SeeInvis .   q - +0 dagger
rCold    . . .     Gourm    .   (no shield)
rNeg     . . .     Faith    .   a - +0 robe
rPois    .         Spirit   .   (no helmet)
rElec    .         Reflect  .   (no cloak)
rCorr    .         Harm     .   f - +0 pair of gloves
MR       .....                  (no boots)
Stlth    ++........             (no amulet)
HPRegen  0.06/turn              (no ring)
MPRegen  0.12/turn              (no ring)

@: no status effects
A: no striking features
a: no special abilities


You were on level 2 of the Dungeon.
You were not hungry.

You visited 1 branch of the dungeon, and saw 2 of its levels.

You collected 65 gold pieces.

Inventory:

Hand Weapons
 g - a +0 club
 q - a +0 dagger (weapon)
Missiles
 b - 95 stones
 o - 5 silver javelins (quivered)
Armour
 a - a +0 robe (worn)
 f - a +0 pair of gloves (worn)
Scrolls
 d - a scroll of amnesia {unknown}
 h - 2 scrolls of fog
 i - a scroll of blinking
 m - a scroll of enchant armour {unknown}
 n - a scroll of magic mapping {unknown}
 r - a scroll of identify {unknown}
Potions
 e - a potion of agility {unknown}
 j - a potion of resistance {unknown}
 k - a potion of invisibility {unknown}
 l - a potion of degeneration {unknown}
 p - a potion of haste {unknown}
Comestibles
 c - 4 rations


   Skills:
 + Level 2.5 Dodging
 + Level 2.4 Stealth
 * Level 4.0 Spellcasting
 + Level 1.6 Conjurations
 * Level 3.6 Air Magic


You had 6 spell levels left.
You knew the following spells:

 Your Spells              Type           Power        Failure   Level  Hunger
a - Shock                 Conj/Air       ##..         4%          1    None
b - Static Discharge      Conj/Air       ##......     13%         3    ###....

Your spell library contained the following spells:

 Spells                   Type           Power        Failure   Level  Hunger
 Swiftness                Chrm/Air       ##......     10%         2    #......
 Airstrike                Air            ###.......   28%         4    ####...
 Lightning Bolt           Conj/Air       ##........   77%         5    ######.


Dungeon Overview and Level Annotations

Branches:
Dungeon (2/15)

Altars:


Message History

Casting: Shock (safe; 4% risk of failure)
Confirm with . or Enter, or press ? or * to list all spells.
The gnoll is struck by an arc of lightning.
The gnoll is moderately wounded.
The gnoll is struck by an arc of lightning.
The gnoll is heavily wounded.
The lightning grounds out.
The gnoll closely misses you. The gnoll hits you.
* * * LOW HITPOINT WARNING * * *
Casting: Static Discharge (safe; 13% risk of failure)
Confirm with . or Enter, or press ? or * to list all spells.
Aiming: Shock (safe; 4% risk of failure)
Press: ? - help, Shift-Dir - straight line, f - gnoll
Aim: a gnoll (moderately wounded) That beam is likely to hit you.
Continue anyway?
The zap hits the gnoll.
The gnoll is moderately wounded.
The zap hits the gnoll.
The gnoll is heavily wounded.
The zap hits you.
You die...

#.#.#...#.#
#.####.#.#...#.#
............<.#.##
##.##............###
##.............#
##.............
#.#.......##.#
#.###g..### # #+#
#g@.# #####


You could see 2 gnolls.

Vanquished Creatures
  A gnoll (D:2)
  4 leopard geckos (D:1)
  3 goblins (D:1)
  2 hobgoblins (D:1)
  A bat (D:1)
  A frilled lizard (D:2)
  9 kobolds
  3 rats (D:1)
24 creatures vanquished.

Vanquished Creatures (others)
  A plant (D:1)
1 creature vanquished.

Grand Total: 25 creatures vanquished

Notes
Turn   | Place    | Note
-------+----------+-------------------------------------------
     0 | D:1      | Ruokin the Deep Elf Air Elementalist began the quest for
                  | the Orb.
     0 | D:1      | Reached XP level 1. HP: 10/10 MP: 6/6
   345 | D:1      | Reached XP level 2. HP: 15/15 MP: 0/8
  1381 | D:2      | Reached XP level 3. HP: 19/19 MP: 5/10
  1384 | D:2      | Reached skill level 4 in Spellcasting
  1475 | D:1      | Learned a level 3 spell: Static Discharge
  1478 | D:2      | Killed themself with a bounced zap

Levels and vault maps discovered:
D:1:      minmay_arrival_shattered_statue, layout_basic, lexackson_kobold_supper
D:2:      layout_loops_corners, lightli_temple_of_fire, serial_rivers,
          chequers_serial_rivers_micro_e, chequers_serial_rivers_room_a,
          chequers_serial_rivers_room_b, chequers_serial_rivers_micro_a,
          chequers_serial_rivers_room_a

Skill      XL: |  1  2  3 |
---------------+----------+-----
Spellcasting   | 4 |  4.0
Dodging        | |  2.5
Stealth        | |  2.4
Conjurations   | |  1.6
Air Magic      | |  3.6

Action                   || total
-------------------------++-------
Melee: Unarmed           ||    10
       Dagger            ||    14
Throw: Stone             ||     6
 Cast: Shock             ||    58
       Static Discharge  ||     1
  Use: Scroll            ||     2
  Eat: Chunk             ||     1
       Ration            ||     1
Armor: Robe              ||     2
Dodge: Dodged            ||    26

Table legend:
 A = Non-vault XP
 B = Vault XP
 C = Vault XP percentage of total XP
 D = Non-vault monster count
 E = Vault monster count
 F = Vault count percentage of total count
                 A         B        C        D         E       F
            +---------+---------+-------+---------+---------+-------
      Total |      40 |      15 |  27.3 |      16 |       8 |  33.3
            +---------+---------+-------+---------+---------+-------
        D:1 |      24 |      15 |  38.5 |      13 |       8 |  38.1
        D:2 |      16 |       0 |   0.0 |       3 |       0 |   0.0
            +---------+---------+-------+---------+---------+-------
